 Dungeon Crawl Stone Soup version 0.19-a0-1896-g611e798 (webtiles) character file.

135 Naow the Sneak (level 4, 0/21 HPs)
             Began as a Spriggan Enchanter on Oct 19, 2016.
             Slain by an orc wizard
             ... wielding a +0 dagger
              (4 damage)
             ... on level 4 of the Dungeon.
             The game lasted 00:06:46 (4227 turns).

Naow the Sneak (Spriggan Enchanter)                 Turns: 4227, Time: 00:06:47

Health: 0/21       AC:  3    Str:  4    XL:     4   Next: 96%
Magic:  1/10       EV: 19    Int: 16    God:
Gold:   131        SH:  0    Dex: 17    Spells: 2 memorised, 7 levels left

rFire  . . .     SeeInvis +     a - +1 dagger
rCold  . . .     Gourm    .     b - +1 robe
rNeg   . . .     Faith    .     (shield restricted)
rPois  .         Spirit   .     (helmet restricted)
rElec  .         Reflect  .     (no cloak)
rCorr  .         Harm     .     (gloves unavailable)
MR     .....                    (boots unavailable)
Stlth  +++.......               (no amulet)
                                (no ring)
                                (no ring)

@: slowed, quick
A: unfitting armour, see invisible, herbivore 3, speed 3, slow metabolism 2
a: no special abilities


You were on level 4 of the Dungeon.
You were hungry.

You visited 1 branch of the dungeon, and saw 4 of its levels.

You collected 131 gold pieces.

Inventory:

Hand Weapons
 a - a +1 dagger (weapon)
Missiles
 g - 21 poisoned needles
Armour
 b - a +1 robe (worn)
Scrolls
 i - a scroll of magic mapping {unknown}
 j - a scroll of teleportation {unknown}
 k - a scroll of enchant armour {unknown}
 m - a scroll of noise {unknown}
Potions
 e - 3 potions of curing {unknown}
 h - 2 potions of degeneration {unknown}
 l - 2 potions of invisibility {unknown}
 n - a potion of berserk rage {unknown}
Books
 c - a book of Maledictions

   Spells                             Type                      Level
   a - Corona                         Hexes                        1
   b - Ensorcelled Hibernation        Hexes/Ice                    2
   c - Confuse                        Hexes                        3
   d - Tukima's Dance                 Hexes                        3
   e - Dazzling Spray                 Conjuration/Hexes            3
Comestibles
 d - a bread ration
 f - a slice of pizza


   Skills:
 + Level 2.4 Short Blades
 + Level 4.0 Dodging
 + Level 5.3 Stealth
 + Level 3.9 Spellcasting
 + Level 4.6 Hexes


You had 7 spell levels left.
You knew the following spells:

 Your Spells              Type           Power        Failure   Level  Hunger
a - Corona                Hex            ###....      2%          1    None
b - Ensorcelled Hibernat  Hex/Ice        ##....       12%         2    ##.....


Dungeon Overview and Level Annotations

Branches:
Dungeon (4/15)
 Temple: D:4-7

Altars:
Makhleb
Okawaru


Innate Abilities, Weirdness & Mutations

You are very small and have problems with some larger weapons.
You are too small for most types of armour.
You have supernaturally acute eyesight. (SInv)
You are a herbivore.
You cover ground extremely quickly.
You need consume almost no food.


Message History

The orc wizard closely misses you.
The orc wizard hits you but does no damage.
You hit the orc wizard but do no damage.
The orc wizard is heavily wounded.
The orc wizard barely misses you.
You closely miss the orc wizard.
The orc wizard is heavily wounded.
The orc wizard gestures wildly while chanting.
The orc wizard blinks!
The orc wizard casts a spell at you. The magic dart hits you!
* * * LOW HITPOINT WARNING * * *
Your magical contamination has completely faded away.
You closely miss the orc wizard.
The orc wizard is heavily wounded.
The orc wizard barely misses you. The orc wizard closely misses you.
You hit the orc wizard but do no damage.
The orc wizard is heavily wounded.
The orc wizard hits you with a dagger.
You die...

######## ##
#......# ###...
#......####(.....
#......ยง@o......#
#......##....###
####......#.##
#.(..##.# ..
#.#####.# ## #..
... .... #... ....
#.... ... ......


You could see an orc wizard.

Vanquished Creatures
  A scorpion (D:3)
  A dart slug (D:1)
  4 leopard geckos
  5 orcs
  2 ball pythons
  7 bats
  4 giant cockroaches
  10 goblins
  9 hobgoblins
  3 jackals (D:1)
  10 kobolds
  A quokka (D:2)
  7 frilled lizards
  6 rats
70 creatures vanquished.

Notes
Turn   | Place    | Note
-------+----------+-------------------------------------------
     0 | D:1      | Naow the Spriggan Enchanter began the quest for the Orb.
     0 | D:1      | Reached XP level 1. HP: 9/9 MP: 5/5
   529 | D:1      | Reached XP level 2. HP: 8/13 MP: 6/6
  1187 | D:1      | Learned a level 2 spell: Ensorcelled Hibernation
  1674 | D:1      | Reached XP level 3. HP: 10/16 MP: 8/8
  2341 | D:2      | Reached skill level 5 in Stealth
  2934 | D:3      | Found a burning altar of Makhleb.
  2934 | D:3      | Noticed a cacodemon
  2942 | D:3      | Found an iron altar of Okawaru.
  3031 | D:3      | Reached XP level 4. HP: 5/21 MP: 0/10
  4227 | D:4      | Slain by an orc wizard

Vault maps used:
D:1:      onia_arrival_pentagram
D:3:      makhleb_altar_promises_db, okawaru_altar_gauntlet_db

Skill      XL: |  1  2  3  4 |
---------------+-------------+-----
Hexes          | 4 |  4.6
Spellcasting   | 3 |  3.9
Stealth        | 5 |  5.3
Short Blades   | 2 |  2.4
Dodging        | 4 |  4.0

Action                   |  1- 3 |  4- 6 || total
-------------------------+-------+-------++-------
Melee: Dagger            |   248 |    60 ||   308
 Cast: Ensorcelled Hiber |     8 |     9 ||    17
 Stab: Sleeping          |    17 |     5 ||    22
       Distracted        |     1 |       ||     1
  Eat: Pizza             |       |     1 ||     1
Armor: Robe              |    30 |    10 ||    40
Dodge: Dodged            |   236 |    70 ||   306
